 Dungeon Crawl Stone Soup version 0.30-a0-870-gc5d4c5acee (webtiles) character file.

Game seed: 16364178331163288754

606 cforsyth the Covered (level 7, 0/57 HPs)
             Began as a Barachi Fighter on Mar 12, 2023.
             Slain by Pikel
             ... wielding a +2 whip of freezing
              (2 damage)
             ... on level 5 of the Dungeon.
             The game lasted 00:06:46 (4053 turns).

cforsyth the Covered (Barachi Fighter)              Turns: 4053, Time: 00:06:47

Health: 0/57       AC:  7    Str: 17 (19) XL:     7   Next: 42%
Magic:  7/7        EV:  9    Int:  7 (8)  God:
Gold:   142        SH:  5    Dex:  9 (12) Spells: 6/6 levels left

rFire   . . .      SeeInvis .    a - +1 war axe
rCold   . . .      Faith    .    c - +1 buckler
rNeg    . . .      Spirit   .    b - +0 scale mail
rPois   .          Reflect  .    (no helmet)
rElec   .          Rampage  .    (no cloak)
rCorr   .                        (no gloves)
Will    .....                    (no boots) Stlth
                                 h - amulet of the acrobat
HPRegen 0.29/turn                (no ring)
MPRegen 0.10/turn                (no ring)

@: brilliant, attractive, slow
A: amphibious, slowness 1, strong legs 1, +LOS
a: Hop


You were on level 5 of the Dungeon.
You visited 2 branches of the dungeon, and saw 6 of its levels.

You collected 167 gold pieces.
You spent 25 gold pieces at shops.

Inventory:

Hand Weapons
 a - a +1 war axe (weapon)
Armour
 b - a +0 scale mail (worn)
 c - a +1 buckler (worn)
Jewellery
 h - an amulet of the acrobat (around neck)
 j - an amulet of faith
 p - a ring of willpower
 s - a ring of wizardry
Wands
 t - a wand of roots (2)
Scrolls
 f - a scroll of enchant armour
 i - a scroll of immolation {unknown}
 m - a scroll of amnesia
 n - 2 scrolls of enchant weapon
 q - 4 scrolls of identify
 u - a scroll of teleportation
Potions
 d - 2 potions of might
 e - 3 potions of flight
 k - 2 potions of curing
 o - 2 potions of brilliance


   Skills:
 + Level 5.8 Fighting
 + Level 4.7 Axes
 + Level 5.8 Armour
 + Level 5.3 Shields


You had 6 spell levels left.
You didn't know any spells.
Your spell library contained the following spells:

 Spells                   Type           Power      Damage    Failure   Level
 Passwall                 Tmut/Erth      0%         N/A       95%         2
 Petrify                  Tmut/Erth      0%         N/A       100%        4
 Lee's Rapid Deconstruct  Erth           0%         3d4*      100%        5
 Iron Shot                Conj/Erth      0%         9d1       100%        6


Dungeon Overview and Level Annotations

Branches:
Dungeon (5/15)             Temple (1/1) D:4

Altars:
Elyvilon
Gozag
Hepliaklqana
Kikubaaqudgha
Nemelex Xobeh
Okawaru
Ru
Trog
Uskayaw
Vehumet
Wu Jian
Zin

Shops:
D:5 ::*

Annotations:
D:5 Pikel


Innate Abilities, Weirdness & Mutations

You are amphibious.
You cover ground slowly.
You can hop short distances.
You have an extended range of vision and can be seen from far away.


Message History

You slash Pikel!
Pikel is heavily wounded.
You block Pikel's attack.
Pikel says, "Hell isn't that bad."
Pikel hits you but does no damage.
You slash Pikel!
Pikel is severely wounded.
Your transformation is almost over.
Pikel hits you with a +2 whip of freezing!
* * * LOW HITPOINT WARNING * * *
Pikel freezes you.
* * * LOW HITPOINT WARNING * * *
You miss Pikel.
Pikel is severely wounded.
Pikel completely misses you.
You closely miss Pikel.
Pikel is severely wounded.
Pikel hits you but does no damage. x2
You hit Pikel.
Pikel is severely wounded.
Pikel hits you but does no damage.
You slash Pikel!
Pikel is almost dead.
Pikel hits you but does no damage.
You barely miss Pikel.
Pikel is almost dead.
Pikel hits you but does no damage.
Pikel hits you with a +2 whip of freezing.
* * * LOW HITPOINT WARNING * * *
Pikel freezes you.
* * * LOW HITPOINT WARNING * * *
You closely miss Pikel.
Pikel is almost dead.
You feel less wooden.
Your +0 scale mail unmelds from your body.
You block Pikel's attack.
You barely miss Pikel.
Pikel is almost dead.
Pikel hits you with a +2 whip of freezing.
You die...

#..........
#......∩..
#.......#
#.......#
#.......#####
#.#..5..........
#...555..#########
#####K#### #[...#
#@# #....#
##.##### #....#
#......###....#
#.......##....#
#.####........##
#. #.##......###
#. #.###.......##
.. #.#...........
## #.#.##########


You could see Pikel and 4 lemures.

Vanquished Creatures
  Blork the orc (D:5)
  3 scorpions (D:5)
  3 hounds
  2 orc priests
  A jelly (D:4)
  5 adders
  2 worms
  6 dart slugs
  12 orcs
  6 endoplasms
  5 giant cockroaches
  10 goblins
  4 hobgoblins
  2 jackals (D:1)
  A quokka (D:1)
  8 ball pythons
  10 bats
  5 frilled lizards
  11 kobolds
  5 rats
102 creatures vanquished.

Vanquished Creatures (others)
  2 orc wizards (D:5)
  7 plants
9 creatures vanquished.

Grand Total: 111 creatures vanquished

Notes
Turn   | Place    | Note
-------+----------+-------------------------------------------
     0 | D:1      | cforsyth the Barachi Fighter began the quest for the Orb.
     0 | D:1      | Reached XP level 1. HP: 18/18 MP: 1/1
    75 | D:1      | Reached XP level 2. HP: 25/25 MP: 2/2
   279 | D:1      | Reached XP level 3. HP: 30/30 MP: 3/3
   773 | D:2      | Reached XP level 4. HP: 37/37 MP: 4/4
  1193 | D:2      | Got the Notes on the Valley
  1466 | D:3      | Found a hazy altar of Hepliaklqana.
  2042 | D:3      | Identified the +0 robe "Hagec" {rN+ Archmagi}
  2162 | D:3      | Found a radiant altar of Vehumet.
  2173 | D:3      | Reached XP level 5. HP: 38/43 MP: 5/5
  2558 | D:4      | Found a white marble altar of Elyvilon.
  2683 | D:4      | Found a staircase to the Ecumenical Temple.
  2716 | Temple   | Entered the Ecumenical Temple
  3255 | D:4      | Reached skill level 5 in Fighting
  3255 | D:4      | Reached skill level 5 in Armour
  3255 | D:4      | Reached XP level 6. HP: 51/51 MP: 6/6
  3450 | D:5      | Entered Level 5 of the Dungeon
  3480 | D:5      | Found Cauwkutu's Book Shop.
  3578 | D:5      | Noticed Blork the orc
  3591 | D:5      | Killed Blork the orc
  3733 | D:5      | Found Jiqeo's Assorted Antiques.
  3742 | D:5      | Bought a puce potion for 25 gold pieces
  3764 | D:5      | Reached skill level 5 in Shields
  3786 | D:5      | Reached XP level 7. HP: 34/56 MP: 7/7
  4013 | D:5      | Found Texkag's Book Shoppe.
  4015 | D:5      | Noticed Pikel
  4051 | D:5      | HP: 4/85 [Pikel/+2 whip of freezing (3)]
  4053 | D:5      | Slain by Pikel

Illustrated notes

Levels and vault maps discovered:
D:1:      onia_arrival_mini_spirals, layout_rooms, minmay_misc_feat_chi,
          minmay_pentomino_u2
D:2:      layout_basic, grunt_ministairs_2, st_stairs_9, serial_bayou_lagoon_b
D:3:      layout_basic, nicolae_hepliaklqana_hazy_memory, vehumet_crystals,
          nicolae_elevator_lobby_plus
D:4:      nicolae_cairo_tiling, layout_rooms, nicolae_overflow_crystal_walls,
          enter_ossuary_5, eino_small_chamber_without_monster,
          minmay_hedge_maze, minmay_statues_item, minmay_cut_off
D:5:      layout_basic, serial_shops, shop, nicolae_square_shop,
          nicolae_shop_competitors_out_of_business, shop, uniq_pikel,
          uniq_blork_the_orc
Temple:   nicolae_temple_cloud_nine

Skill      XL: |  1  2  3  4  5  6 |
---------------+-------------------+-----
Fighting       | 4 5 |  5.8
Armour         | 4 5 |  5.8
Axes           | 3 4 |  4.7
Shields        | 4 5 |  5.3

Action                     |  1- 3 |  4- 6 |  7- 9 || total
---------------------------+-------+-------+-------++-------
  Melee: War axe           |   103 |   204 |    40 ||   347
  Evoke: Wand              |       |     3 |       ||     3
    Use: Scroll            |       |     8 |       ||     8
         Potion            |       |       |     7 ||     7
 Armour: Scale mail        |    55 |    76 |    18 ||   149
         Skin              |       |       |    10 ||    10
  Dodge: Dodged            |    69 |   111 |    23 ||   203
  Block: Buckler           |    20 |    64 |    14 ||    98

Table legend: (Time is in decaauts)
 A = Elapsed time spent in this place.
 B = Non-inter-level travel time spent in this place.
 C = Inter-level travel time spent in this place.
 D = Time resting spent in this place.
 E = Time spent auto-exploring this place.
 F = Levels seen in this place.
 G = Mean time per level.
                   A        B        C        D        E       F      G
               +--------+--------+--------+--------+--------+-----+--------+
         Total |   4734 |   4620 |    114 |      4 |   3569 |   6 |  789.0 |
       Dungeon |   4691 |   4582 |    109 |      4 |   3542 |   5 |  938.2 |
        Temple |     42 |     38 |      4 |      0 |     26 |   1 |   42.0 |
               +--------+--------+--------+--------+--------+-----+--------+

Top non-repeatable levels by time:
     D:4: 1236 daAuts
     D:3: 1148 daAuts
     D:2: 1083 daAuts
     D:5: 665 daAuts
     D:1: 558 daAuts
  Temple: 42 daAuts
